 Dungeon Crawl Stone Soup version 0.31-a0-986-g5e6e4ef867 (webtiles) character file.

Game seed: 16520330369156214430

7 SigmundSlayer the Shield-Bearer (level 1, -1/18 HPs)
             Began as a Demigod Fighter on Nov 4, 2023.
             Slain by a hobgoblin
             ... wielding a +0 hand axe
              (5 damage)
             ... on level 1 of the Dungeon.
             The game lasted 00:00:27 (193 turns).

SigmundSlayer the Shield-Bearer (Demigod Fighter)    Turns: 193, Time: 00:00:28

Health: -1/18      AC:  6    Str: 17    XL:     1   Next: 73%
Magic:  3/3        EV:  9    Int: 10    God:
Gold:   13         SH:  4    Dex: 13    Spells: 0/0 levels left

rFire   . . .        a - +0 long sword
rCold   . . .        c - +0 buckler
rNeg    . . .        b - +0 scale mail
rPois   .            (no helmet)
rElec   .            (no cloak)
rCorr   .            (no gloves)
SInv    .            (no boots)
Will    .....        (no amulet) Stlth
                     (no ring)
HPRegen 0.23/turn    (no ring)
MPRegen 0.08/turn

%: no passive effects
@: no status effects
A: high MP 1, forlorn, divine attributes
a: no special abilities


You were on level 1 of the Dungeon.
You visited 1 branch of the dungeon, and saw 1 of its levels.

You collected 13 gold pieces.

Inventory:

Hand Weapons
 a - a +0 long sword (weapon)
Armour
 b - a +0 scale mail (worn)
 c - a +0 buckler (worn)
Scrolls
 f - a scroll of vulnerability {unknown}
Potions
 d - a potion of might
 e - a potion of brilliance {unknown}
 g - a potion of curing {unknown}


   Skills:
 - Level 2.6 Fighting
 + Level 2.4 Long Blades
 - Level 2.6 Armour
 - Level 2.6 Shields


You couldn't memorise any spells.
You didn't know any spells.
Your spell library was empty.

Dungeon Overview and Level Annotations

Branches:
Dungeon (1/15)


Innate Abilities, Weirdness & Mutations

You have an increased reservoir of magic. (+10% MP)
You shall have no god before yourself.
Your divine heritage dramatically boosts your attributes as you level up.


Message History

No target in view!
No target in view!
No target in view!
No target in view!
No target in view!
g - a bubbling inky potion A hobgoblin comes into view.
It is wielding a +0 hand axe.
A hobgoblin is nearby!
A hobgoblin is nearby!
The hobgoblin shouts!
You hit the hobgoblin.
The hobgoblin is moderately wounded.
The hobgoblin hits you with a +0 hand axe. x2
You are too injured to fight recklessly!
You are too injured to fight recklessly!
You are too injured to fight recklessly!
You are too injured to fight recklessly!
You are too injured to fight recklessly!
You are too injured to fight recklessly!
You are too injured to fight recklessly!
You are too injured to fight recklessly!
You are too injured to fight recklessly!
You are too injured to fight recklessly!
You are too injured to fight recklessly!
You are too injured to fight recklessly!
A hobgoblin is nearby!
You barely miss the hobgoblin.
The hobgoblin is moderately wounded.
The hobgoblin hits you with a +0 hand axe.
You hit the hobgoblin.
The hobgoblin is almost dead.
The hobgoblin hits you with a +0 hand axe.
* * * LOW HITPOINT WARNING * * *
You completely miss the hobgoblin.
The hobgoblin is almost dead.
The hobgoblin barely misses you. The hobgoblin misses you.
You closely miss the hobgoblin.
The hobgoblin is almost dead.
The hobgoblin hits you with a +0 hand axe.
You die...

.... #.#.........# ##
.......#.#.........# ###
.......#.#.........# #..
.......#.#.........# #.#
.......#.###..###### #.#
.......#.###.## #.#
#........#...# #.#
#..........### ###.#
#.....g@...# #....
##..?......### ###....
#............#####....##
#.........##..........##
#.........# #####.......
##........# ########
##...##### ####


You could see a hobgoblin.

Vanquished Creatures
  2 bats (D:1)
  A goblin (D:1)
  A quokka (D:1)
  A kobold (D:1)
  2 rats (D:1)
7 creatures vanquished.

Notes
Turn   | Place    | Note
-------+----------+-------------------------------------------
     0 | D:1      | SigmundSlayer the Demigod Fighter began the quest for the
                  | Orb.
     0 | D:1      | Reached XP level 1. HP: 18/18 MP: 3/3
   193 | D:1      | Slain by a hobgoblin

Illustrated notes

Levels and vault maps discovered:
D:1:      roderic_crossed_star, layout_rooms, ebering_ecumenical_altar_rust

Skill      XL: |  1 |
---------------+----+-----
Long Blades    | 2 |  2.4
Fighting       | |  2.6
Armour         | |  2.6
Shields        | |  2.6

Action                     || total
---------------------------++-------
  Melee: Long sword        ||    19
 Armour: Scale mail        ||    16
  Dodge: Dodged            ||    10
  Block: Buckler           ||     1

Table legend: (Time is in decaauts)
 A = Elapsed time spent in this place.
 B = Non-inter-level travel time spent in this place.
 C = Inter-level travel time spent in this place.
 D = Time resting spent in this place.
 E = Time spent auto-exploring this place.
 F = Levels seen in this place.
 G = Mean time per level.
                   A        B        C        D        E       F      G
               +--------+--------+--------+--------+--------+-----+--------+
         Total |    199 |    199 |      0 |      0 |    144 |   1 |  199.0 |
       Dungeon |    199 |    199 |      0 |      0 |    144 |   1 |  199.0 |
               +--------+--------+--------+--------+--------+-----+--------+

Top non-repeatable levels by time:
     D:1: 199 daAuts
